 Dungeon Crawl Stone Soup version 0.30.1-4-g462c640d31 (webtiles) character file.

Game seed: 9225915618828409320

17847 Wiggles the Severer (level 12, -4/110 HPs)
             Began as a Minotaur Berserker on Aug 24, 2023.
             Was an Elder of Trog.
             Slain by a fire elemental (5 damage)
             ... summoned by a deep elf pyromancer
             ... on level 12 of the Dungeon.
             The game lasted 00:21:33 (10643 turns).

Wiggles the Severer (Minotaur Berserker)           Turns: 10643, Time: 00:21:34

Health: -4/110     AC: 17    Str: 28    XL:     12   Next: 22%
Magic:  11/11      EV: 11    Int:  4    God:    Trog [****..]
Gold:   617        SH:  0    Dex: 15    Spells: 11/11 levels left

rFire   + . .        F - +4 broad axe (flame)
rCold   + . .        (no shield)
rNeg    . . .        v - +0 chain mail
rPois   +            (helmet restricted)
rElec   +            j - scarf {repulsion}
rCorr   +            f - +1 pair of gloves
SInv    +            o - +1 pair of boots
Will    .....        (no amulet) Stlth
                     y - ring of see invisible
HPRegen 0.38/turn    D - +6 ring of dexterity
MPRegen 0.12/turn

%: repel missiles
@: resistant
A: horns 2, retaliatory headbutt
a: Renounce Religion, Berserk, Trog's Hand, Brothers in Arms


You were on level 12 of the Dungeon.
You worshipped Trog.
Trog was greatly pleased with you.
You visited 1 branch of the dungeon, and saw 12 of its levels.

You collected 645 gold pieces.
You spent 28 gold pieces at shops.

Inventory:

Hand Weapons
 a - a +3 war axe of freezing
 w - a +2 battleaxe
 F - a +4 broad axe of flaming (weapon)
Armour
 f - a +1 pair of gloves (worn)
 h - a +2 cloak
 j - a scarf of repulsion (worn)
 o - a +1 pair of boots (worn)
 v - a +0 chain mail (worn)
Jewellery
 m - a ring of flight
 n - a +6 ring of intelligence
 y - a ring of see invisible (left hand)
 D - a +6 ring of dexterity (right hand)
Wands
 l - a wand of flame (8)
 r - a wand of paralysis (17)
 x - a wand of acid (17)
 C - a wand of iceblast (20)
Scrolls
 c - 2 scrolls of noise
 i - 2 scrolls of poison
 p - 3 scrolls of teleportation
 B - 2 scrolls of silence
 E - 3 scrolls of fear
 G - a scroll of identify
Potions
 d - 4 potions of brilliance
 e - a potion of invisibility
 g - 2 potions of mutation
 k - a potion of degeneration
 q - 5 potions of curing
 s - 3 potions of flight
 t - 2 potions of magic
 u - a potion of haste
 z - a potion of berserk rage
 A - a potion of might
 H - 2 potions of attraction


   Skills:
 + Level 11.5 Fighting
 + Level 16.9 Axes
 + Level 12.0 Armour
 + Level 5.2 Dodging
 + Level 2.5 Stealth
 + Level 1.8 Shields


You had 11 spell levels left.
You didn't know any spells.
Your spell library was empty.

Dungeon Overview and Level Annotations

Branches:
Dungeon (12/15)            Temple (0/1) D:6            Lair (0/5) D:11
    Orc (0/2) D:9

Altars:
Sif Muna

Shops:
D:6 ?   D:10 =

Portals:
Trove: D:11 (give +3 ice dragon scales)


Innate Abilities, Weirdness & Mutations

You have a pair of horns on your head.
You reflexively headbutt those who attack you in melee.


Message History

You headbutt the deep elf pyromancer, but do no damage.
The deep elf pyromancer is moderately wounded.
You barely miss the deep elf pyromancer.
The deep elf pyromancer is moderately wounded.
The deep elf pyromancer gestures at you while chanting.
The bolt of fire hits you!!
You slash the deep elf pyromancer! You burn the deep elf pyromancer.
The deep elf pyromancer is severely wounded.
You closely miss the fire elemental. The fire elemental barely misses you.
The deep elf pyromancer mumbles some strange words.
The deep elf pyromancer blinks!
You slice the fire elemental!!
The fire elemental is severely damaged.
You hit the fire elemental. The fire elemental barely misses you.
The fire elemental hits you. The fire elemental burns you!
You open the fire elemental like a pillowcase!!!
You destroy the fire elemental!
The fire elemental disappears in a puff of smoke!
You slash the fire elemental! The fire elemental misses you.
You slice the fire elemental!! You headbutt the fire elemental.
The fire elemental is heavily damaged.
You slash the fire elemental! The fire elemental hits you.
The fire elemental burns you! The fire elemental hits you.
The fire elemental burns you!
You hit the fire elemental.
Your headbutt misses the fire elemental.
The fire elemental is severely damaged.
You completely miss the fire elemental. The fire elemental hits you.
The fire elemental burns you!
The deep elf pyromancer gestures at you while chanting.
The bolt of fire hits you!!
* * * LOW HITPOINT WARNING * * *
The fire elemental hits you. The fire elemental burns you!
* * * LOW HITPOINT WARNING * * *
You feel protected. The fire elemental barely misses you.
The fire elemental closely misses you.
The deep elf pyromancer casts a spell.
The deep elf pyromancer blinks!
The fire elemental hits you. The fire elemental burns you! You resist.
You die...

#.### #..# #.# ##.#
##########.###### #.#
#.)..)))))......# #.#
#...#######)#.###.#
#..
.....°○.............^#
###
..#..#..#..#..#§.....#
...............E.....#
.... .. .....°eE@....#
### ##' ########.....#
.. #..#..# #††...#
#.†...# #..#..#
#.....# #.....#
#..#..#


You could see a deep elf pyromancer and 2 fire elementals.

Vanquished Creatures
  Nergalle (D:11)
  2 deep elf knights (D:12)
  Pikel (D:5)
  A deep elf archer (D:12)
  3 deep elf pyromancers (D:12)
  4 deep elf zephyrmancers (D:12)
  2 manticores (D:11)
  An ugly thing (D:11)
  A slime creature (D:7)
  An unseen horror (D:12)
  2 trolls
  A shadow (D:7)
  13 yaks
  A wraith (D:11)
  3 wyverns (D:8)
  3 vampires
  8 vampire mosquitoes
  Grum (D:9)
  Edmund (D:6)
  A warg (D:9)
  An acid dragon (D:11)
  4 water moccasins (D:11)
  5 orc warriors
  A sky beast (D:8)
  4 black bears
  2 wolves (D:9)
  6 centaurs
  2 phantoms
  3 kobold brigands
  3 bullfrogs
  4 scorpions
  A water moccasin zombie (D:6)
  A wyvern skeleton (D:6)
  20 wights
  10 killer bees
  7 howler monkeys
  5 hounds
  3 bullfrog zombies (D:6)
  2 jellies (D:7)
  8 orc priests
  2 bullfrog skeletons (D:6)
  2 sleepcaps
  Terence (D:2)
  Ijyb (D:3)
  5 iguanas
  2 orc wizards
  Robin (D:3)
  A howler monkey skeleton (D:6)
  A howler monkey zombie (D:6)
  8 adders
  3 shadow imps (D:7)
  An ufetubus (D:4)
  A worm (D:5)
  33 orcs
  5 bats
  14 endoplasms
  5 giant cockroaches
  7 hobgoblins
  3 quokkas
  5 ball pythons
  A frilled lizard (D:3)
  10 goblins
  14 kobolds
  5 rats
274 creatures vanquished.

Vanquished Creatures (collateral kills)
  A deep elf pyromancer (D:12)
  3 centaurs (D:12)
4 creatures vanquished.

Vanquished Creatures (others)
  A deep elf pyromancer (D:12)
1 creature vanquished.

Grand Total: 279 creatures vanquished

Notes
Turn   | Place    | Note
-------+----------+-------------------------------------------
     0 | D:1      | Wiggles the Minotaur Berserker began the quest for the Orb.
     0 | D:1      | Reached XP level 1. HP: 19/19 MP: 0/0
    96 | D:1      | Reached XP level 2. HP: 27/27 MP: 1/1
   223 | D:1      | Reached skill level 4 in Axes
   409 | D:1      | Found a faded altar of an unknown god.
   642 | D:2      | Noticed Terence
   651 | D:2      | Killed Terence
   652 | D:2      | Reached XP level 3. HP: 34/34 MP: 2/2
  1004 | D:2      | Reached XP level 4. HP: 41/41 MP: 3/3
  1206 | D:2      | Reached skill level 5 in Axes
  1582 | D:3      | Noticed Ijyb
  1594 | D:3      | Killed Ijyb
  1597 | D:3      | Reached XP level 5. HP: 47/47 MP: 4/4
  2261 | D:3      | Reached ** piety under Trog
  2269 | D:3      | Noticed Robin
  2275 | D:3      | Killed Robin
  2538 | D:4      | Reached skill level 6 in Axes
  2538 | D:4      | Reached skill level 1 in Stealth
  2584 | D:4      | Noticed a black bear
  2592 | D:4      | Killed a black bear
  2593 | D:4      | Reached skill level 5 in Fighting
  2593 | D:4      | Reached XP level 6. HP: 56/56 MP: 5/5
  3481 | D:5      | Entered Level 5 of the Dungeon
  3526 | D:5      | Reached skill level 7 in Axes
  3669 | D:5      | Noticed Pikel
  3678 | D:5      | Killed Pikel
  3679 | D:5      | Reached skill level 8 in Axes
  3679 | D:5      | Reached skill level 5 in Armour
  3679 | D:5      | Reached XP level 7. HP: 62/62 MP: 6/6
  3826 | D:5      | Reached XP level 8. HP: 60/70 MP: 7/7
  4428 | D:6      | You fall into a shaft and drop 3 floors!
  4469 | D:8      | Reached skill level 9 in Axes
  4740 | D:7      | Reached skill level 10 in Axes
  4892 | D:6      | Reached XP level 9. HP: 76/78 MP: 8/8
  5119 | D:6      | Found Hacaush's Magic Scroll Emporium.
  5122 | D:6      | Bought a scroll of identify for 28 gold pieces
  5390 | D:6      | Reached *** piety under Trog
  5404 | D:6      | Noticed Edmund
  5412 | D:6      | Killed Edmund
  5535 | D:6      | Found a staircase to the Ecumenical Temple.
  5846 | D:7      | Reached skill level 11 in Axes
  6148 | D:7      | Killed a large slime creature
  6228 | D:7      | Reached skill level 12 in Axes
  6451 | D:8      | Reached XP level 10. HP: 89/89 MP: 9/9
  6542 | D:8      | Reached **** piety under Trog
  6885 | D:8      | Found a shimmering blue altar of Sif Muna.
  6949 | D:8      | Reached skill level 13 in Axes
  7288 | D:9      | Reached skill level 1 in Shields
  7342 | D:9      | Found a staircase to the Orcish Mines.
  7350 | D:9      | Noticed Grum
  7369 | D:9      | Killed Grum
  7369 | D:9      | HP: 3/91 [orc priest/+0 war axe (6)]
  7914 | D:10     | Entered Level 10 of the Dungeon
  7969 | D:10     | Reached ***** piety under Trog
  7970 | D:10     | Reached skill level 14 in Axes
  7992 | D:10     | Reached skill level 10 in Armour
  8149 | D:10     | Found Bogg's Jewellery Emporium.
  8201 | D:10     | Reached XP level 11. HP: 96/99 MP: 10/10
  8589 | D:11     | Noticed a green ugly thing
  9216 | D:11     | Received a gift from Trog
  9222 | D:11     | Reached skill level 15 in Axes
  9224 | D:11     | Reached skill level 10 in Fighting
  9230 | D:11     | Killed a green ugly thing
  9443 | D:11     | Found a staircase to the Lair.
  9566 | D:11     | Found a portal to a secret trove of treasure.
  9885 | D:11     | Noticed Nergalle
  9912 | D:11     | Killed Nergalle
 10208 | D:12     | Noticed a deep elf pyromancer
 10210 | D:12     | Noticed a deep elf pyromancer
 10210 | D:12     | Noticed a deep elf pyromancer
 10212 | D:12     | Noticed a deep elf zephyrmancer
 10219 | D:12     | Noticed a deep elf pyromancer
 10221 | D:12     | Killed a deep elf pyromancer
 10222 | D:12     | Reached skill level 5 in Dodging
 10226 | D:12     | Killed a deep elf pyromancer
 10227 | D:12     | Reached skill level 16 in Axes
 10242 | D:12     | Killed a deep elf pyromancer
 10243 | D:12     | Noticed a deep elf zephyrmancer
 10244 | D:12     | Killed a deep elf zephyrmancer
 10244 | D:12     | Noticed a deep elf pyromancer
 10254 | D:12     | Noticed a deep elf knight
 10256 | D:12     | Killed a deep elf pyromancer
 10258 | D:12     | Killed a deep elf zephyrmancer
 10261 | D:12     | Killed a deep elf pyromancer
 10263 | D:12     | Killed a deep elf knight
 10264 | D:12     | Reached XP level 12. HP: 30/110 MP: 11/11
 10642 | D:12     | HP: 1/110 [fire elemental[a deep elf pyromancer] (9)]
 10643 | D:12     | Slain by a fire elemental

Illustrated notes

Levels and vault maps discovered:
D:1:      wander_arrival_lonely_grave, layout_rooms,
          shapermc_ecumenical_altar_notcrosses
D:2:      layout_loops_ring, dk_vineyard_1, hex_tiny, uniq_terence
D:3:      layout_basic, minmay_misc_feat_rugged, uniq_robin, uniq_ijyb
D:4:      layout_layer_cave
D:5:      layout_basic, uniq_pikel
D:6:      layout_basic, minmay_temple_entry_statues_fountains, serial_shops,
          kennysheep_mini_moat, serial_undead, serial_undead_b, serial_undead_d,
          serial_undead_e, serial_undead_a, minivault_26, uniq_edmund
D:7:      cheibrodos_fertilizer, layout_rooms, corexii_hall_statues_deadend
D:8:      layout_loops_ring, mainiacjoe_overflow_surrounded_room,
          chequers_decorated_corner
D:9:      layout_rooms, erik_orc_4, chequers_serial_rivers_micro_d, uniq_grum
D:10:     layout_long_grid, serial_shops, shop, corexii_checkpoint_a
D:11:     layout_long_grid, due_lair_maze_entry_diamond,
          nicolae_trove_entry_diagonal, uniq_nergalle
D:12:     minmay_elf_outpost, layout_basic, serial_shops,
          nicolae_shop_competitors_out_of_business, uniq_nessos, uniq_erolcha

Skill      XL: |  1  2  3  4  5  6  7  8  9 10 11 12 |
---------------+-------------------------------------+-----
Fighting       | 4 5 6 8 9 11 | 11.5
Axes           | 4 5 6 8 10 12 14 16 | 16.9
Armour         | 3 5 7 8 10 11 12 | 12.0
Stealth        | 1 2 |  2.5
Dodging        | 3 4 5 |  5.2
Shields        | 1 |  1.8

Action                     |  1- 3 |  4- 6 |  7- 9 | 10-12 || total
---------------------------+-------+-------+-------+-------++-------
  Melee: Hand axe          |    73 |   147 |     8 |       ||   228
         Headbutt          |     6 |    25 |    50 |    62 ||   143
         Punch             |       |     1 |       |     1 ||     2
         War axe           |       |       |   184 |   176 ||   360
         Broad axe         |       |       |       |   106 ||   106
         Battleaxe         |       |       |       |    63 ||    63
 Invoke: Berserk           |     1 |     5 |     3 |     4 ||    13
         Trog's Hand       |       |       |     1 |       ||     1
         Brothers in Arms  |       |       |       |     3 ||     3
    Use: Scroll            |       |       |    19 |     7 ||    26
         Potion            |       |       |       |     3 ||     3
 Armour: Animal skin       |     9 |       |       |       ||     9
         Leather armour    |    10 |       |       |       ||    10
         Scale mail        |    11 |    20 |       |       ||    31
         Chain mail        |       |    55 |    71 |   213 ||   339
  Dodge: Dodged            |    37 |    57 |    82 |   183 ||   359
         Repelled          |       |       |       |     1 ||     1
  Block: Buckler           |       |       |     6 |    25 ||    31
